 Dungeon Crawl Stone Soup version 0.31-a0-1589-g8f5e8aebd6 (webtiles) character file.

Game seed: 1537740994574465551

13435 Flugslaktarn the Thaumaturge (level 12, -4/74 HPs)
             Began as an Octopode Alchemist on Jan 5, 2024.
             Was a High Priest of Sif Muna.
             Slain by Snorg (15 damage)
             ... on level 10 of the Dungeon.
             The game lasted 00:21:23 (7662 turns).

Flugslaktarn the Thaumaturge (Octopode Alchemist)   Turns: 7662, Time: 00:21:23

Health: -4/74      AC: -3    Str:  8    XL:     12   Next: 6%
Magic:  11/27      EV: 13    Int: 21    God:    Sif Muna [*****.]
Gold:   975        SH:  0    Dex: 13    Spells: 16/34 levels left

rFire   . . .        y - +9 sling "Huitiv" {speed, rPois}
rCold   . . .        (no shield)
rNeg    . . .        (helmet restricted)
rPois   +            (no amulet)
rElec   .            (no ring)
rCorr   .            (no ring)
SInv    .            (no ring)
Will    .....        (no ring)
Stlth   +++          (no ring)
HPRegen 0.32/turn    (no ring)
MPRegen 0.20/turn    (no ring)
                     (no ring)

%: no passive effects
@: corroded, channelling
A: almost no armour, amphibious, 8 rings, camouflage 1, gelatinous body 1,
(nimble swimmer 1), tentacles
a: Renounce Religion, Channel Magic, Forget Spell, Divine Exegesis


You were on level 10 of the Dungeon.
You worshipped Sif Muna.
Sif Muna was extremely pleased with you.
You visited 2 branches of the dungeon, and saw 14 of its levels.
You also visited: Sewer, Ossuary and Bailey.

You collected 975 gold pieces.

Inventory:

Hand Weapons
 d - a +0 dagger
   (You took it off a goblin on level 1 of the Dungeon)
 e - a +0 long sword
   (You found it on level 1 of the Dungeon)
 k - a +1 long sword of freezing
   (You found it on level 3 of the Dungeon)
 m - a +2 short sword of protection
   (You found it on level 6 of the Dungeon)
 y - the +9 sling "Huitiv" (weapon) {speed, rPois}
   (You found it on level 7 of the Dungeon)

   rPois:     It protects you from poison
 A - a +6 morningstar
   (You took it off a wight on level 7 of the Dungeon)
 E - a +2 broad axe of flaming
   (You took it off Maggie on level 9 of the Dungeon)
Missiles
 B - 4 throwing nets
 H - a curare-tipped dart
Armour
 x - a +0 buckler
   (You found it on level 7 of the Dungeon)
Magical Staves
 C - a staff of conjuration
   (You found it in a bailey)
Talismans
 b - a flux talisman
   (You found it on level 4 of the Dungeon)
 o - a dragon-blood talisman
   (You found it on level 6 of the Dungeon)
Wands
 p - a wand of roots (12)
   (You found it on level 4 of the Dungeon)
 u - a wand of quicksilver (7)
   (You found it in an ossuary)
 D - a wand of paralysis (9)
   (You found it on level 8 of the Dungeon)
Scrolls
 c - 4 scrolls of enchant armour
 g - a scroll of silence
 l - 3 scrolls of immolation
 r - a scroll of identify
 t - 6 scrolls of teleportation
 z - 2 scrolls of blinking
 G - a scroll of acquirement
 I - a scroll of vulnerability
Potions
 a - a potion of magic
 f - 2 potions of cancellation
 h - 4 potions of haste
 i - a potion of brilliance {unknown}
 j - 4 potions of lignification {unknown}
 n - 4 potions of degeneration {unknown}
 q - 7 potions of curing
 s - a potion of enlightenment {unknown}
 v - a potion of mutation {unknown}
 w - 4 potions of heal wounds
 J - a potion of ambrosia {unknown}
Miscellaneous
 F - a box of beasts
   (You found it on level 9 of the Dungeon)


   Skills:
 - Level 4.0 Fighting
 - Level 2.0 Dodging
 - Level 2.6 Stealth
 - Level 11.6 Spellcasting
 - Level 1.0 Conjurations
 - Level 3.9 Summonings
 - Level 4.0 Necromancy
 - Level 4.0 Fire Magic
 + Level 10.8 Alchemy
 - Level 5.0 Invocations
 - Level 6.0 Evocations


You had 16 spell levels left.
You knew the following spells:

 Your Spells              Type           Power      Damage    Failure   Level
a - Sting                 Conj/Alch      100%       1d9       1%          1
b - Olgreb's Toxic Radia  Alch           55%        N/A       1%          4
c - Sticky Flame          Fire/Alch      43%        2d8       2%          4
d - Vampiric Draining     Necr           29%        2d8       3%          3
e - Eringya's Noxious Bo  Alch           27%        4d6       10%         6

Your spell library contained the following spells:

 Spells                   Type           Power      Damage    Failure   Level
 Mercury Vapours          Alch/Air       68%        N/A       1%          2
 Fugue of the Fallen      Necr           29%        N/A       3%          3
 Mephitic Cloud           Conj/Alch/Air  28%        N/A       3%          3
 Shock                    Conj/Air       56%        1d6       4%          1
 Fulminant Prism          Conj/Alch      18%        3d10      4%          4
 Slow                     Hex            48%        N/A       5%          1
 Leda's Liquefaction      Alch/Erth      17%        N/A       6%          4
 Ensorcelled Hibernation  Hex/Ice        24%        N/A       9%          2
 Summon Blazeheart Golem  Fire/Summ      28%        N/A       11%         4
 Confusing Touch          Hex            12%        N/A       17%         3
 Sigil of Binding         Hex            12%        N/A       17%         3
 Swiftness                Air            12%        N/A       17%         3
 Anguish                  Hex/Necr       10%        N/A       24%         4
 Airstrike                Air            6%         2d(1-17)  50%         4
 Passage of Golubria      Tloc           12%        N/A       50%         4
 Summon Forest            Summ/Tloc      10%        N/A       56%         5
 Summon Mana Viper        Hex/Summ       20%        N/A       56%         5
 Silence                  Hex/Air        6%         N/A       83%         5
 Summon Cactus Giant      Summ           14%        N/A       86%         6
 Lehudib's Crystal Spear  Conj/Erth      7%         10d3      100%        8


Dungeon Overview and Level Annotations

Branches:
Dungeon (13/15)            Temple (1/1) D:5            Lair (0/5) D:8
  Sewer (visited)         Ossuary (visited)          Bailey (visited)
    Orc: D:9-12      Vaults: D:13-14

Altars:
Ashenzari
Cheibriados
Dithmenos
Elyvilon
Fedhas
Gozag
Hepliaklqana
Kikubaaqudgha
Makhleb
Nemelex Xobeh
Okawaru
Qazlal
Ru
Sif Muna
Trog
Uskayaw
Vehumet
Xom
Yredelemnul
Zin
The Shining One

Shops:
D:2 (   D:3 [

Annotations:
D:3 1 transporter
D:10 Snorg
D:12 Kirke


Innate Abilities, Weirdness & Mutations

You cannot wear most types of armour.
You are amphibious.
You can wear up to eight rings at the same time.
Your skin changes colour to match your surroundings (Stealth+).
Your rubbery body absorbs attacks. (AC +1, EV +1)
((You are camouflaged when in or above water. (Stealth+)))
You have tentacles for arms and can constrict up to eight enemies at once.


Message History

Aiming: Sticky Flame (dangerous; 3% risk of failure)
Press: ? - help, Shift-Dir - straight line, f/p - wraith
Aim: a wraith (severely damaged, unstickable)
The sticky flame hits the wraith!
You destroy the wraith!
Sif Muna accepts your kill.
You hear two shouts!
A two-headed ogre comes into view. It is wielding two +0 giant clubs.
Unknown command.
Found a sling.
Casting: Sticky Flame (dangerous; 3% risk of failure)
Confirm with . or Enter, or press ? or * to list all spells.
You miscast Eringya's Noxious Bog.
You are very lightly contaminated with residual magic.
Nothing appears to happen.
Casting: Eringya's Noxious Bog (quite dangerous; 12% risk of failure)
Confirm with . or Enter, or press ? or * to list all spells.
Floosh!
You fall into the toxic bog.
You spew toxic sludge!
The two-headed ogre festers in the toxic bog!!
The two-headed ogre looks as sick as possible!
Casting: Eringya's Noxious Bog (quite dangerous; 12% risk of failure)
Confirm with . or Enter, or press ? or * to list all spells.
Aiming: Vampiric Draining (dangerous; 3% risk of failure)
Press: ? - help, Shift-Dir - straight line, f - two-headed ogre
Aim: a two-headed ogre, wielding two +0 giant clubs (heavily wounded, extremely poisoned)
You draw life force from the two-headed ogre!
You feel life coursing into your body.
The two-headed ogre festers in the toxic bog!
The two-headed ogre looks as sick as possible!
The two-headed ogre hits you with a +0 giant club!
The two-headed ogre completely misses you.
You shoot a sling bullet.
The sling bullet hits the two-headed ogre!
You kill the two-headed ogre!
Sif Muna accepts your kill.
You have reached level 12!
Things that are here:
a +0 giant club; a +0 giant club Your noxious spew wanes.
Your magical contamination has completely faded away.
Found 4 boomerangs.
You see here 4 boomerangs.
Found a broken altar of Ashenzari.
Search for what [Enter for "book", or ? for help]? book Can't find anything matching that.
Unknown command.
Okay, then.
Unknown command.
Found 10 gold pieces.
You now have 975 gold pieces (gained 10).
An acid dragon comes into view.
Snorg shouts!
The acid dragon roars!
The acid dragon spits acid at you. The splash of acid hits you!!
The acid corrodes you!
Casting: Vampiric Draining (dangerous; 3% risk of failure)
Confirm with . or Enter, or press ? or * to list all spells.
Floosh!
You fall into the toxic bog.
You spew toxic sludge!
Casting: Eringya's Noxious Bog (quite dangerous; 10% risk of failure)
Confirm with . or Enter, or press ? or * to list all spells.
Aiming: Sticky Flame (dangerous; 2% risk of failure)
Press: ? - help, Shift-Dir - straight line, f - acid dragon
Aim: an acid dragon (catching its breath)
The sticky flame hits the acid dragon.
The acid dragon is lightly wounded.
The acid dragon burns!
The acid dragon is engulfed in a cloud of scalding steam.
The acid dragon bites you. The acid dragon closely misses you.
Snorg draws her long claws delicately across her gut.
The acid dragon burns!
You kill the acid dragon!
Sif Muna accepts your kill.
Snorg pats her sizable gut.
Snorg festers in the toxic bog!
Snorg looks as sick as possible!
You shoot a sling bullet. The sling bullet hits Snorg!
Snorg is moderately wounded.
You shoot a sling bullet. The sling bullet hits Snorg!
Snorg is moderately wounded.
Your noxious spew wanes.
Snorg barely misses you. Snorg misses you. x2
Casting: Sticky Flame (dangerous; 2% risk of failure)
Confirm with . or Enter, or press ? or * to list all spells.
Aiming: Sticky Flame (dangerous; 2% risk of failure)
Press: ? - help, Shift-Dir - straight line, f/p - Snorg
Aim: Snorg (moderately wounded, extremely poisoned)
The sticky flame hits Snorg!
Snorg is heavily wounded.
Snorg burns!
Snorg bites you!!
* * * LOW HITPOINT WARNING * * *
Snorg misses you. Snorg claws you!
* * * LOW HITPOINT WARNING * * *
Casting: Sticky Flame (dangerous; 2% risk of failure)
Confirm with . or Enter, or press ? or * to list all spells.
Aiming: Vampiric Draining (dangerous; 3% risk of failure)
Press: ? - help, Shift-Dir - straight line, f/p - Snorg
Aim: Snorg (heavily wounded, covered in liquid flames, very poisoned)
You draw life force from Snorg.
You feel life coursing into your body.
Snorg burns!
Snorg bites you!
You die...

......##.##...###.........#
...........##.........
.......###...#..#....
....#..#####.##.# ##
...##...# #....###
...##.#.####......#
.####Y#...........#
.###..######......#####
...#.#######...T@.....#
##[#Y..............##.#
<....#######.....#..#
.......# #.....##.#
.......# #.....# ...
....#### ####### ### ....#
....# ....#


You could see Snorg (burning, very poisoned).

Vanquished Creatures
  A boulder beetle (D:13)
  2 two-headed ogres
  An elephant (D:8)
  Maggie (D:9)
  3 trolls
  Prince Ribbit (D:5)
  A shadow (D:12)
  Sigmund (D:3)
  3 wyverns
  14 yaks
  A wraith (D:10)
  A basilisk (D:8)
  4 hogs (D:12)
  2 steam dragons
  Grum (D:11)
  2 acid dragons (D:10)
  2 water moccasins
  An orc warrior (D:6)
  An ice beast (D:8)
  3 sky beasts
  2 black bears
  4 centaurs
  10 wolves
  2 ogres (D:6)
  A phantom (D:6)
  3 kobold brigands
  4 elf zombies (Ossuary)
  2 bullfrogs (Sewer)
  9 gnoll sergeants
  2 scorpions
  4 wights
  12 killer bees
  3 howler monkeys
  A bombardier beetle (D:5)
  3 human zombies (Ossuary)
  4 hounds
  6 orc priests
  8 gnoll boudas
  A jelly (D:6)
  A sleepcap (D:8)
  Terence (D:3)
  4 iguanas
  10 orc wizards
  7 hound zombies (Ossuary)
  2 mummies (Ossuary)
  Robin (D:3)
  10 adders
  22 gnolls
  6 river rats
  2 shadow imps
  A white imp (D:8)
  5 adder zombies (Ossuary)
  2 dart slugs (D:4)
  2 ribbon worms
  30 orcs
  2 bats
  6 endoplasms
  4 giant cockroaches
  6 gnoll zombies (Ossuary)
  19 goblins
  5 hobgoblins
  3 jackals (D:3)
  18 kobolds
  5 quokkas
  12 ball pythons
  4 frilled lizards
  3 jackal zombies (Ossuary)
  4 kobold zombies (Ossuary)
  5 orc zombies (Ossuary)
  23 rats
352 creatures vanquished.

Notes
Turn   | Place    | Note
-------+----------+-------------------------------------------
     0 | D:1      | Flugslaktarn the Octopode Alchemist began the quest for the
                  | Orb.
     0 | D:1      | Reached XP level 1. HP: 11/11 MP: 3/3
    59 | D:1      | Reached XP level 2. HP: 16/17 MP: 1/5
   129 | D:2      | Found Wocan's Antique Weapon Shoppe.
   193 | D:2      | Reached XP level 3. HP: 18/21 MP: 1/6
   213 | D:3      | Noticed a centaur
   214 | D:3      | Found a transporter.
   345 | D:3      | Reached XP level 4. HP: 19/27 MP: 4/8
   444 | D:3      | Noticed Robin
   457 | D:3      | Reached skill level 5 in Alchemy
   460 | D:3      | Killed Robin
   461 | D:3      | Reached skill level 3 in Spellcasting
   508 | D:3      | Noticed Terence
   510 | D:3      | Noticed Sigmund
   531 | D:4      | Reached XP level 5. HP: 12/31 MP: 7/9
   544 | D:4      | Learned a level 4 spell: Olgreb's Toxic Radiance
  1005 | D:4      | Found a stormy altar of Qazlal.
  1006 | D:4      | Found a shimmering altar of Xom.
  1008 | D:4      | Found a basalt altar of Yredelemnul.
  1008 | D:4      | Found a snail-covered altar of Cheibriados.
  1025 | D:4      | Reached XP level 6. HP: 32/36 MP: 8/11
  1152 | D:3      | Killed Sigmund
  1153 | D:3      | Reached skill level 4 in Spellcasting
  1159 | D:3      | Killed Terence
  1160 | D:3      | Reached XP level 7. HP: 41/41 MP: 4/13
  1223 | D:5      | Entered Level 5 of the Dungeon
  1252 | D:5      | Found a staircase to the Ecumenical Temple.
  1273 | Temple   | Entered the Ecumenical Temple
  1285 | Temple   | Became a worshipper of Sif Muna the Loreminder
  1437 | D:5      | Found a glowing drain.
  1446 | Sewer    | Entered a sewer
  1658 | Sewer    | Reached * piety under Sif Muna
  1851 | Sewer    | Reached skill level 1 in Fire Magic
  2210 | D:5      | Noticed Prince Ribbit
  2226 | D:5      | Killed Prince Ribbit
  2227 | D:5      | Reached skill level 5 in Spellcasting
  2227 | D:5      | Reached XP level 8. HP: 34/46 MP: 6/15
  2234 | D:5      | Learned a level 4 spell: Sticky Flame
  2410 | D:6      | Reached skill level 1 in Fighting
  2410 | D:6      | Reached skill level 1 in Invocations
  2637 | D:6      | Reached ** piety under Sif Muna
  2734 | D:6      | Reached skill level 6 in Spellcasting
  2952 | D:6      | Reached XP level 9. HP: 33/54 MP: 9/18
  3126 | D:3      | Found Hamu's Armour Shoppe.
  3206 | D:5      | Reached skill level 7 in Spellcasting
  3465 | D:7      | Found a sand-covered staircase.
  3469 | Ossuary  | Entered an ossuary
  3566 | Ossuary  | Reached skill level 8 in Spellcasting
  3607 | Ossuary  | Learned a level 3 spell: Vampiric Draining
  3663 | Ossuary  | Reached *** piety under Sif Muna
  3950 | D:7      | Reached skill level 9 in Spellcasting
  3950 | D:7      | Reached skill level 1 in Necromancy
  4174 | D:7      | Reached XP level 10. HP: 60/60 MP: 17/23
  4188 | D:7      | Identified the +9 sling "Huitiv" {speed, rPois}
  4383 | D:8      | Noticed an elephant
  4384 | D:8      | Found a staircase to the Lair.
  4403 | D:8      | Killed an elephant
  4404 | D:8      | Reached **** piety under Sif Muna
  4512 | D:8      | Reached skill level 10 in Spellcasting
  4594 | D:8      | Found a flagged portal.
  4606 | Bailey   | Entered a bailey
  4821 | Bailey   | Reached skill level 1 in Evocations
  5234 | Bailey   | Reached skill level 5 in Invocations
  5252 | Bailey   | Reached ***** piety under Sif Muna
  5383 | Bailey   | Identified the +1 great sword of Yeast {freeze, *Slow rN++
                  | Str+4}
  5462 | D:8      | Reached skill level 5 in Evocations
  5660 | D:9      | Noticed Maggie
  5718 | D:9      | Killed Maggie
  5719 | D:9      | Reached XP level 11. HP: 69/69 MP: 9/25
  5816 | D:9      | HP: 1/69 [acid dragon/splash of acid (30)]
  6010 | D:8      | Noticed a two-headed ogre
  6024 | D:8      | Killed a two-headed ogre
  6055 | D:8      | Identified a scroll of acquirement
  6086 | D:9      | Reached skill level 11 in Spellcasting
  6333 | D:10     | Entered Level 10 of the Dungeon
  6337 | D:10     | Reached skill level 1 in Summonings
  6395 | D:10     | Noticed Snorg
  6573 | D:9      | Received a gift from Sif Muna
  6587 | D:9      | Got Sif Muna's Guide on Scorching Toxicants {god gift}
  7042 | D:11     | Learned a level 6 spell: Eringya's Noxious Bog
  7154 | D:11     | Noticed Grum
  7169 | D:11     | Killed Grum
  7183 | D:12     | You fall into a shaft and drop 1 floor!
  7213 | D:13     | Noticed a boulder beetle
  7223 | D:13     | Killed a boulder beetle
  7328 | D:12     | Noticed Kirke
  7329 | D:12     | Reached skill level 10 in Alchemy
  7334 | D:12     | Noticed a lindwurm
  7471 | D:12     | Noticed a skeletal warrior
  7579 | D:10     | Noticed a two-headed ogre
  7596 | D:10     | Killed a two-headed ogre
  7597 | D:10     | Reached XP level 12. HP: 45/74 MP: 3/27
  7614 | D:10     | Found a broken altar of Ashenzari.
  7662 | D:10     | Slain by Snorg

Illustrated notes

Levels and vault maps discovered:
D:1:      wheals_arrival_shading, layout_rooms, skrybe_limestone_x
D:2:      layout_rooms, serial_shops, shop
D:3:      layout_loops_ring, serial_shops, nicolae_shop_drivethru, uniq_robin,
          uniq_sigmund, uniq_terence
D:4:      layout_loops_corners, general_overflow_altar,
          chequers_temple_overflow_statue_of_worship
D:5:      layout_basic, minmay_temple_entry_hall, gup_sewer_entry_bubbles,
          uniq_prince_ribbit1
D:6:      layout_basic, chequers_hall_statues_corner_a, serial_park_tiny_1,
          minmay_misc_feat_tiny
D:7:      layout_gridville, nicolae_ossuary_entry_plus, minmay_misc_feat_x
D:8:      layout_basic, david_lair_generic, enter_bailey_5
D:9:      layout_basic, hangedman_minor_gate_pass, uniq_maggie
D:10:     layout_rooms, evilmike_ruin_ashenzari, erik_orc_1, uniq_snorg
D:11:     layout_gridville, wad_dig_loot, uniq_grum
D:12:     dragon1_lemuel, layout_irregular_city, minmay_misc_feat_alley,
          nicolae_wooded_promenade, dreamdust_wishing_well,
          nicolae_hepliaklqana_hazy_memory, uniq_kirke
D:13:     wander_river, layout_irregular_city
Temple:   nicolae_temple_bog_church

Skill      XL: |  1  2  3  4  5  6  7  8  9 10 11 |
---------------+----------------------------------+-----
Alchemy        | 4 5 6 7 8 10 | 10.8
Spellcasting   | 3 4 5 6 9 10 11 | 11.6
Fire Magic     | 3 4 |  4.0
Fighting       | 2 4 |  4.0
Invocations    | 4 5 |  5.0
Necromancy     | 2 4 |  4.0
Evocations     | 6 |  6.0
Summonings     | 3 |  3.9
Dodging        | |  2.0
Stealth        | |  2.6
Conjurations   | |  1.0

Action                     |  1- 3 |  4- 6 |  7- 9 | 10-12 || total
---------------------------+-------+-------+-------+-------++-------
  Melee: Unarmed           |     5 |       |       |       ||     5
         Tentacles         |    12 |    11 |    82 |       ||   105
         Constrict         |    10 |    15 |    50 |       ||    75
         Dagger            |    22 |       |       |       ||    22
         Long sword        |     7 |    52 |    46 |       ||   105
         Punch             |       |       |     4 |       ||     4
         Short sword       |       |       |   193 |       ||   193
   Fire: Sling             |       |       |       |   183 ||   183
   Cast: Sting             |    25 |    30 |    66 |       ||   121
         Olgreb's Toxic Ra |       |       |    35 |    61 ||    96
         Sticky Flame      |       |       |    10 |    24 ||    34
         Vampiric Draining |       |       |       |    23 ||    23
         Eringya's Noxious |       |       |       |     2 ||     2
 Invoke: Channel Magic     |       |       |       |     2 ||     2
  Evoke: Wand              |       |       |       |     4 ||     4
    Use: Scroll            |       |       |    16 |     4 ||    20
         Potion            |       |       |     5 |       ||     5
   Stab: Sleeping          |     1 |       |     4 |       ||     5
         Invisible         |       |       |     1 |       ||     1
 Armour: Skin              |    13 |    27 |   169 |    90 ||   299
  Dodge: Dodged            |    23 |    65 |   195 |    74 ||   357

Table legend: (Time is in decaauts)
 A = Elapsed time spent in this place.
 B = Non-inter-level travel time spent in this place.
 C = Inter-level travel time spent in this place.
 D = Time resting spent in this place.
 E = Time spent auto-exploring this place.
 F = Levels seen in this place.
 G = Mean time per level.
                   A        B        C        D        E       F      G
               +--------+--------+--------+--------+--------+-----+--------+
         Total |   7674 |   7179 |    495 |   1173 |   2336 |  17 |  451.4 |
       Dungeon |   5660 |   5187 |    473 |    287 |   1974 |  13 |  435.4 |
        Temple |    113 |     91 |     22 |     89 |      0 |   1 |  113.0 |
         Sewer |    641 |    641 |      0 |    317 |     71 |   1 |  641.0 |
       Ossuary |    408 |    408 |      0 |     59 |    100 |   1 |  408.0 |
        Bailey |    849 |    849 |      0 |    421 |    191 |   1 |  849.0 |
               +--------+--------+--------+--------+--------+-----+--------+

Top non-repeatable levels by time:
  Bailey: 849 daAuts
     D:9: 815 daAuts
     D:8: 793 daAuts
     D:6: 789 daAuts
     D:4: 762 daAuts
   Sewer: 641 daAuts
     D:7: 561 daAuts
     D:5: 446 daAuts
     D:3: 420 daAuts
 Ossuary: 408 daAuts
    D:10: 266 daAuts
    D:11: 244 daAuts
    D:12: 227 daAuts
     D:1: 154 daAuts
  Temple: 113 daAuts
